 Dungeon Crawl Stone Soup version 0.19.3-4-gbf9329e (webtiles) character file.

50 empire the Shield-Bearer (level 3, -3/31 HPs)
             Began as a Minotaur Fighter on Jan 27, 2017.
             Succumbed to Robin's poison
             ... on level 2 of the Dungeon.
             The game lasted 00:02:26 (1256 turns).

empire the Shield-Bearer (Minotaur Fighter)         Turns: 1256, Time: 00:02:27

Health: -3/31      AC: 10    Str: 21    XL:     3   Next: 55%
Magic:  2/2        EV:  7    Int:  5    God:
Gold:   69         SH:  9    Dex:  9    Spells: 0 memorised, 2 levels left

rFire  . . .     SeeInvis .     a - +0 long sword
rCold  . . .     Gourm    .     b - +0 scale mail
rNeg   . . .     Faith    .     c - +0 shield
rPois  .         Spirit   .     (helmet restricted)
rElec  .         Reflect  .     n - +0 cloak
rCorr  .         Harm     .     (no gloves)
MR     .....                    (no boots)
Stlth  ..........               (no amulet)
                                (no ring)
                                (no ring)

@: lethally poisoned (-3 -> -41)
A: retaliatory headbutt, horns 2, yellow scales 1, deterioration 1
a: no special abilities


You were on level 2 of the Dungeon.
You were not hungry.

You visited 1 branch of the dungeon, and saw 2 of its levels.

You collected 69 gold pieces.

Inventory:

Hand Weapons
 a - a +0 long sword (weapon)
 h - a +2 dagger of freezing
 i - a +0 dagger of venom
Armour
 b - a +0 scale mail (worn)
 c - a +0 shield (worn)
 n - a +0 cloak (worn)
Scrolls
 j - 7 scrolls of remove curse {unknown}
 l - a scroll of identify {unknown}
Potions
 d - a potion of might
 e - a potion of magic
 o - a potion of degeneration {unknown}
 q - a potion of haste {unknown}
Comestibles
 f - a bread ration
 g - 2 slices of pizza
 p - a meat ration
 r - a chunk of flesh


   Skills:
 - Level 3.6 Fighting
 + Level 3.1 Long Blades
 + Level 4.4 Armour
 + Level 4.4 Shields


You had 2 spell levels left.
You didn't know any spells.

Dungeon Overview and Level Annotations

Branches:
Dungeon (2/15)

Altars:
The Shining One

Annotations:
D:2 Robin


Innate Abilities, Weirdness & Mutations

You reflexively headbutt those who attack you in melee.
You have a pair of horns on your head.
You are partially covered in yellow scales. (AC +2)
Your body sometimes deteriorates upon taking damage.


Message History

* * * LOW HITPOINT WARNING * * *
You are more poisoned.
* * * LOW HITPOINT WARNING * * *
You feel very sick.
You feel less invigorated.
You feel less confused.
* * * LOW HITPOINT WARNING * * *
You feel very sick. You block the kobold's attack. You block Robin's attack.
Your shield prevents you from hitting the kobold.
The kobold is severely wounded.
* * * LOW HITPOINT WARNING * * *
You feel very sick. The kobold hits you but does no damage.
Robin hits you but does no damage.
You are more poisoned.
You block the kobold's attack.
You barely miss the kobold.
You headbutt the kobold, but do no damage.
The kobold is severely wounded.
You die...

.. ### ### ### ##. . ...
... ..# #.. .. #.# #.#
#.###..#.# #.# #.#
#.?......# #.# ##.##
#$.......#
##.#####...####...)....##
#
#....(.....@.##..($......
#
#..#####...#K##.(....#...
# #<.# ##.##g##(...### #
##..# #.##).).(### .
#####...# #..#####.# #.
... ......#.# ##.....#.#
#. .. #####...# #.....#.#
#. .# .## ###.#
#.......#####.##.# ..##
#.### #.....##...##..[.#


You could see Robin and a kobold.

Vanquished Creatures
  An adder (D:2)
  2 leopard geckos (D:2)
  4 bats
  3 giant cockroaches
  11 goblins
  3 hobgoblins
  2 frilled lizards
  6 kobolds
  4 rats
36 creatures vanquished.

Notes
Turn   | Place    | Note
-------+----------+-------------------------------------------
     0 | D:1      | empire the Minotaur Fighter began the quest for the Orb.
     0 | D:1      | Reached XP level 1. HP: 19/19 MP: 0/0
   128 | D:1      | Found a glowing golden altar of the Shining One.
   684 | D:1      | Reached XP level 2. HP: 26/26 MP: 1/1
  1043 | D:2      | Reached XP level 3. HP: 31/31 MP: 2/2
  1217 | D:2      | Noticed Robin
  1251 | D:2      | Gained mutation: You are partially covered in yellow scales. (AC +2) [potion of mutation]
  1251 | D:2      | Gained mutation: Your body sometimes deteriorates upon taking damage. [potion of mutation]
  1252 | D:2      | HP: 1/31 [Robin/spear of venom (2)]
  1256 | D:2      | Succumbed to Robin's poison

Skill      XL: |  1  2  3 |
---------------+----------+-----
Armour         | 4 |  4.4
Shields        | 4 |  4.4
Long Blades    | 3 |  3.1
Fighting       | |  3.6

Action                   || total
-------------------------++-------
Melee: Long sword        ||    87
       Headbutt          ||    11
  Use: Potion            ||     3
  Eat: Chunk             ||     1
Armor: Scale mail        ||    61
Dodge: Dodged            ||    37
Block: Shield            ||    62
       Rpst.: Long sword ||     9
